 Dungeon Crawl Stone Soup version 0.23.0 (webtiles) character file.

Game seed: 9710143274802865496

14502 Jannitor the Slicer (level 12, -6/77 HPs)
             Began as a Kobold Chaos Knight on Feb 11, 2019.
             Was a Plaything of Xom.
             Mangled by an orange demon (15 damage)
             ... in a Gauntlet.
             The game lasted 00:28:22 (10913 turns).

Jannitor the Slicer (Kobold Chaos Knight)          Turns: 10913, Time: 00:28:22

Health: -6/77      AC: -2    Str: 14    XL:     12   Next: 46%
Magic:  18/18      EV: 39    Int: 15    God:    Xom [*.....]
Gold:   580        SH:  0    Dex: 15    Spells: 15/17 levels left

rFire    + . .     SeeInvis .   h - +4 short sword (drain)
rCold    . . .     Gourm    .   (shield restricted)
rNeg     + . .     Faith    .   b - +2 leather armour
rPois    .         Spirit   .   (helmet restricted)
rElec    .         Reflect  .   j - scarf {repulsion}
rCorr    .         Harm     .   e - +2 pair of gloves
MR       .....     Clarity  +   G - +0 pair of boots Stlth +++++.....NoTele +
                                B - amulet of the acrobat
HPRegen  0.62/turn              g - ring of positive energy
MPRegen  0.16/turn              (no ring)

@: corroded, acrobat, very slightly contaminated, invisible, repel missiles
A: small, claws 1, horns 2, talons 1, repulsion field 1, thin metallic scales 1,
blink, carnivore, clarity, clever 1, deformed body, fire resistance 1, mutation
resistance 1, regeneration 1, wild magic 3, sturdy frame 1
a: Blink, Renounce Religion


You were in a Gauntlet.
You worshipped Xom.
You were a special plaything of Xom.
You were completely stuffed.

You visited 2 branches of the dungeon, and saw 12 of its levels.
You also visited: Sewer, Ossuary and Gauntlet.

You collected 580 gold pieces.

Inventory:

Hand Weapons
 a - a +0 short sword of flaming
 h - a +4 short sword of draining (weapon)
 s - a +2 vampiric dagger
 y - a +0 blowgun
Missiles
 l - 4 curare-tipped needles
 L - 3 throwing nets (quivered)
Armour
 b - a +2 leather armour (worn)
 e - a +2 pair of gloves (worn)
 j - a scarf of repulsion (worn)
 m - the +1 hat of Panentheism {MR+, unknown}
   (You found it in a Gauntlet)

   It affects your resistance to hostile enchantments.
 G - a +0 pair of boots (worn)
Jewellery
 g - a ring of positive energy (left hand)
 k - an uncursed amulet of guardian spirit
 A - the ring of Mimifrang {+Inv MR+ Int+3 Slay-5}
   (You took it off an orc priest on level 6 of the Dungeon)

   [ring of protection from magic]

   It affects your intelligence (+3).
   It affects your accuracy and damage with ranged weapons and melee attacks
   (-5).
   It affects your resistance to hostile enchantments.
   It lets you turn invisible.
 B - an amulet of the acrobat (around neck)
 E - an uncursed amulet of magic regeneration
Wands
 i - a wand of iceblast (9)
 v - a wand of random effects (15)
 C - a wand of clouds (5)
 I - a wand of polymorph (16)
Scrolls
 n - a scroll of noise {unknown}
 o - 2 scrolls of fog
 q - 8 scrolls of identify
 t - 5 scrolls of remove curse
 w - 6 scrolls of teleportation
 x - 2 scrolls of blinking
 F - a scroll of amnesia
 K - 2 scrolls of magic mapping
Potions
 d - a potion of haste
 f - 2 potions of invisibility
 p - a potion of mutation
 u - a potion of brilliance
 D - 2 potions of flight
 J - a potion of lignification
Miscellaneous
 z - a fan of gales (inert)
Comestibles
 c - 25 rations


   Skills:
 - Level 10.1 Fighting
 - Level 11.7 Short Blades
 - Level 1.9 Armour
 - Level 10.5 Dodging
 - Level 11.4 Stealth
 + Level 3.1 Spellcasting
 + Level 3.0 Air Magic
 + Level 3.0 Poison Magic
 - Level 8.4 Evocations


You had 15 spell levels left.
You knew the following spells:

 Your Spells              Type           Power        Failure   Level  Hunger
a - Poisonous Vapours     Pois/Air       ###...       26%         2    ##.....

Your spell library contained the following spells:

 Spells                   Type           Power        Failure   Level  Hunger
 Mephitic Cloud           Conj/Pois/Air  ###.....     52%         3    ###....
 Conjure Flame            Conj/Fire      #.......     77%         3    ###....
 Freezing Cloud           Conj/Ice/Air   ##........   100%        6    #######
 Ring of Flames           Chrm/Fire      #.........   100%        7    #######


Dungeon Overview and Level Annotations

Branches:
Dungeon (10/15)            Temple (0/1) D:5            Lair (2/6) D:8
  Swamp: Lair:2-4    Shoals: Lair:2-4     Snake: Lair:2-4    Spider: Lair:2-4
    Orc: D:9-12

Altars:
Ashenzari
Makhleb
Xom

Annotations:
Lair:1 1 runed translucent door, exclusion: 4 oklob plants, Yakui's ghost, journeyman GrFi Gauntlet 5 runed translucent doors, 11 transporters


Innate Abilities, Weirdness & Mutations

You are small and have problems with some larger weapons.
You are carnivorous and can eat meat at any time.
You have sharp fingernails.
You have a pair of horns on your head.
You have sharp toenails.
You are surrounded by a mild repulsion field. (EV +2)
You are partially covered in thin metallic scales. (AC +2)
You can translocate small distances at will.
You possess an exceptional clarity of mind.
Your mind is acute. (Int +2)
Armour fits poorly on your strangely shaped body.
Your flesh is heat resistant. (rF+)
You are somewhat resistant to further mutation.
Your natural rate of healing is unusually fast.
Your spells are much harder to cast, but much more powerful.
Your movements are slightly less encumbered by armour. (ER -2)


Message History

Xom's power touches on a nearby monster.
The orange demon seems to slow down.
You see here a scroll labeled KEGAOL MASTU.
n - a scroll labeled KEGAOL MASTU You hear Xom's avuncular chuckle.
The rust devil evaporates and reforms as an ice devil!
You open the large door. The ice devil misses you.
There is a large open translucent door here.
You open the large door. The ice devil hits you. The ice devil freezes you!!
* * * LOW HITPOINT WARNING * * *
The orange demon is no longer moving slowly.
There is a large open translucent door here.
You fade into invisibility!
The ice devil completely misses you.
You are very lightly contaminated with residual magic.
You open the large door.
There is a large open translucent door here.
The orange demon stings you!
You die...
Xom bursts into laughter!

#8# #8# #8# #8# #8# #
######################
###≈....................
#8#.....................
###..###########...#####
#..#4.'..'...#.8.#....
###..#..'..'...#...#2PP.
#8#..#'4#++##..#####.P#P
###..#.@'..('.[#...#4PPP
#.©#©.#...'.©#©.©#..P.
###..#..+...'..#...#.PPP
#8#..#''#++##..#####.P#P
###..#..'..'...#...#.PPP
#..#..'..'...#...#....
###..###########...#####
#8#§............§≈§.....
###∩...∩........≈8§.....


You could see an orange demon and an ice devil (wandering).

Vanquished Creatures
  A green death (Gauntlet)
  Harold (Lair:2)
  A two-headed ogre (D:9)
  2 black mambas (D:8)
  3 spiny frogs
  2 komodo dragons (Lair:1)
  A rime drake (Lair:1)
  A queen bee (D:9)
  A hornet (D:8)
  4 blink frogs (Lair:1)
  2 hippogriffs
  11 yaks
  2 basilisks (Lair:1)
  5 swamp worms (D:8)
  A warg (Lair:1)
  4 water moccasins
  4 porcupines
  2 orc warriors
  2 ice beasts
  A black bear (D:10)
  3 phantoms
  3 wolves (Lair:2)
  4 ogres
  A boggart (D:1)
  A centaur (D:7)
  8 crocodiles
  2 elf zombies (Ossuary)
  12 bullfrogs
  A wyvern skeleton (D:9)
  3 scorpions
  16 killer bees
  3 crimson imps
  2 centaur zombies (Ossuary)
  6 hounds
  2 jellies
  5 human zombies (Ossuary)
  3 orc priests
  A bullfrog skeleton (D:7)
  An orc wizard (D:9)
  2 iguanas
  4 worker ants
  A killer bee zombie (D:6)
  A hound zombie (D:7)
  2 hound skeletons
  A howler monkey zombie (D:6)
  3 mummies (Ossuary)
  6 gnolls
  18 adders
  A shadow imp (D:7)
  9 oozes
  2 adder zombies
  4 adder skeletons
  2 worms
  4 dart slugs
  14 leopard geckos
  10 orcs
  6 bats
  14 giant cockroaches
  8 goblins
  5 hobgoblins
  5 jackals
  A quokka (D:3)
  13 ball pythons
  17 frilled lizards
  11 kobolds
  A quokka skeleton (D:6)
  2 quokka zombies (D:5)
  9 rats
304 creatures vanquished.

Vanquished Creatures (collateral kills)
  2 centaur zombies (Ossuary)
  A hound (D:8)
  A human zombie (Ossuary)
  2 orcs (D:8)
6 creatures vanquished.

Vanquished Creatures (others)
  A hydra (Lair:2)
  2 fungi
  9 plants (D:8)
12 creatures vanquished.

Grand Total: 322 creatures vanquished

Notes
Turn   | Place    | Note
-------+----------+-------------------------------------------
     0 | D:1      | Jannitor the Kobold Chaos Knight began the quest for the
                  | Orb.
     0 | D:1      | Reached XP level 1. HP: 14/14 MP: 1/1
    31 | D:1      | XOM: harmless Necr miscast
   128 | D:1      | Reached skill level 1 in Armour
   249 | D:1      | Reached XP level 2. HP: 19/19 MP: 2/2
   698 | D:1      | Noticed a boggart
   698 | D:1      | a bat changed into a boggart
   702 | D:1      | Killed a boggart
   702 | D:1      | Reached XP level 3. HP: 20/24 MP: 3/3
   702 | D:1      | Reached XP level 4. HP: 24/29 MP: 4/4
   702 | D:1      | Reached XP level 5. HP: 28/33 MP: 5/5
   907 | D:1      | XOM: silly message
  1030 | D:2      | Reached skill level 5 in Short Blades
  1050 | D:2      | XOM: harmless Pois miscast
  1191 | D:2      | XOM: confusion (+ monsters)
  1340 | D:2      | XOM: god gift: scroll labeled XYGETUSM ETHRIB {god gift}
  1400 | D:2      | Found a shattered altar of Ashenzari.
  1485 | D:2      | Reached skill level 1 in Stealth
  1831 | D:3      | Reached XP level 6. HP: 39/39 MP: 6/6
  3516 | D:5      | Entered Level 5 of the Dungeon
  3548 | D:5      | Found a sand-covered staircase.
  3555 | Ossuary  | Entered an ossuary
  3568 | Ossuary  | XOM: silly message
  3573 | Ossuary  | Reached skill level 5 in Fighting
  3573 | Ossuary  | Reached XP level 7. HP: 44/44 MP: 7/7
  3584 | Ossuary  | XOM: divination: detect creatures
  3587 | Ossuary  | XOM: noise
  3588 | Ossuary  | XOM: scenery: create altars
  3593 | Ossuary  | XOM: summons 2 friendly demons
  3613 | Ossuary  | XOM: smoke on damage
  3635 | Ossuary  | Gained mutation: Your spells are a little harder to cast,
                  | but a little more powerful. [potion of mutation]
  3635 | Ossuary  | Gained mutation: Your mind is acute. (Int +2) [potion of
                  | mutation]
  3636 | Ossuary  | XOM: enchant monster (good)
  3639 | Ossuary  | XOM: fog
  3650 | Ossuary  | XOM: cleaving
  3653 | Ossuary  | Reached skill level 5 in Dodging
  3832 | Ossuary  | XOM: cast spell 'Summon Hydra'
  3841 | Ossuary  | Reached XP level 8. HP: 46/50 MP: 8/8
  3854 | Ossuary  | XOM: harmless Fire miscast
  3982 | D:5      | Reached skill level 5 in Stealth
  4108 | D:5      | Found a glowing drain.
  4123 | Sewer    | Entered a sewer
  4206 | Sewer    | XOM: divination: detect creatures
  4302 | Sewer    | XOM: divination: detect creatures
  4472 | Sewer    | XOM: silly message
  4573 | D:5      | Found a staircase to the Ecumenical Temple.
  4801 | D:5      | XOM: harmless Ice miscast
  4880 | D:6      | Found a burning altar of Makhleb.
  4886 | D:6      | XOM: cast spell 'Summon Butterflies'
  4900 | D:6      | XOM: noise
  4903 | D:6      | Reached skill level 1 in Evocations
  4949 | D:6      | XOM: cloud trail
  5008 | D:6      | Identified the ring of Mimifrang {+Inv MR+ Int+3 Slay-5}
  5390 | D:6      | Reached XP level 9. HP: 56/56 MP: 10/10
  5392 | D:6      | XOM: enchant monster (good)
  5548 | D:6      | XOM: divination: detect creatures
  5557 | D:6      | XOM: cloud trail
  5888 | D:7      | XOM: silly message
  6246 | D:7      | XOM: divination: magic mapping
  6290 | D:7      | XOM: divination: magic mapping
  6978 | D:8      | Found a staircase to the Lair.
  6978 | D:8      | XOM: 10-stop teleportation journey
  6990 | D:8      | XOM: confuse monster(s)
  6993 | D:8      | Noticed a hornet
  7167 | D:8      | Noticed a hippogriff
  7454 | D:7      | Reached XP level 10. HP: 60/63 MP: 13/13
  7492 | D:7      | XOM: give mutations
  7492 | D:7      | Gained mutation: Your natural rate of healing is unusually
                  | fast. [Xom's grace]
  7492 | D:7      | Gained mutation: You possess an exceptional clarity of
                  | mind. [Xom's grace]
  7634 | D:8      | Noticed a black mamba
  7634 | D:8      | a yak changed into a black mamba
  7634 | D:8      | XOM: polymorph yak -> black mamba
  7638 | D:8      | XOM: summons friendly ufetubus
  7641 | D:8      | XOM: swap monsters
  7651 | D:8      | Reached skill level 5 in Evocations
  7662 | D:8      | Killed a black mamba
  7688 | D:8      | XOM: give mutations
  7688 | D:8      | Gained mutation: Your flesh is heat resistant. (rF+) [Xom's
                  | grace]
  7688 | D:8      | Gained mutation: You have sharp fingernails. [Xom's grace]
  7688 | D:8      | Gained mutation: Your movements are slightly less
                  | encumbered by armour. (ER -2) [Xom's grace]
  7696 | D:8      | XOM: summons 6 friendly demons
  7826 | D:8      | XOM: enchant monster (good)
  7911 | D:8      | XOM: summons friendly white imp
  7912 | D:8      | XOM: summons friendly white imp
  8001 | D:8      | XOM: polymorph white imp -> quasit
  8063 | D:8      | XOM: 2-stop teleportation journey
  8066 | D:8      | Reached skill level 10 in Short Blades
  8190 | D:8      | XOM: summons 1 hostile demon
  8231 | D:8      | XOM: enchant monster (good)
  8365 | D:8      | XOM: scenery: create altars
  8421 | D:8      | Reached XP level 11. HP: 55/69 MP: 15/15
  8630 | D:9      | XOM: scenery: create altars
  8643 | D:9      | XOM: 2-stop teleportation journey
  8655 | D:9      | You fall through a shaft!
  8655 | D:10     | Entered Level 10 of the Dungeon
  8686 | D:10     | XOM: give mutations
  8686 | D:10     | Gained mutation: You have a pair of small horns on your
                  | head. [Xom's grace]
  8686 | D:10     | Gained mutation: You can translocate small distances at
                  | will. [Xom's grace]
  8764 | D:9      | XOM: divination: detect items
  8789 | D:9      | XOM: polymorph killer bee -> worker ant
  8790 | D:9      | XOM: confuse monster(s)
  8794 | D:9      | XOM: cleaving
  8800 | D:9      | XOM: fog
  8812 | D:9      | Reached skill level 10 in Stealth
  9065 | D:9      | Noticed a two-headed ogre
  9070 | D:9      | XOM: divination: magic mapping
  9079 | D:9      | XOM: summons 3 friendly demons
  9086 | D:9      | XOM: polymorph ufetubus -> iron imp
  9103 | D:9      | Killed a two-headed ogre
  9285 | Lair:1   | Entered Level 1 of the Lair of Beasts
  9288 | Lair:1   | XOM: cast spell 'Chain of Chaos'
  9296 | D:8      | XOM: polymorph yak -> black mamba
  9304 | D:8      | XOM: summons 2 friendly demons
  9467 | Lair:1   | XOM: fake destruction
  9475 | Lair:1   | XOM: divination: detect items
  9518 | Lair:1   | Reached skill level 10 in Dodging
  9620 | Lair:1   | XOM: fog
  9626 | Lair:1   | XOM: cleaving
  9627 | Lair:1   | XOM: give mutations
  9627 | Lair:1   | Gained mutation: You are somewhat resistant to further
                  | mutation. [Xom's grace]
  9627 | Lair:1   | Gained mutation: You are surrounded by a mild repulsion
                  | field. (EV +2) [Xom's grace]
  9627 | Lair:1   | Gained mutation: You have a somewhat thin skeletal
                  | structure. (Dex +2, Stealth) [Xom's grace]
  9633 | Lair:1   | XOM: summons friendly white imp
  9750 | Lair:1   | XOM: give mutations
  9750 | Lair:1   | Gained mutation: You are frail. (-10% HP) [Xom's mischief]
  9750 | Lair:1   | Lost mutation: You have a somewhat thin skeletal structure.
                  | (Dex +2, Stealth) [Xom's mischief]
  9750 | Lair:1   | Gained mutation: Armour fits poorly on your strangely
                  | shaped body. [Xom's mischief]
  9750 | Lair:1   | Lost mutation: Your mind is acute. (Int +2) [Xom's
                  | mischief]
  9838 | Lair:1   | XOM: polymorph hippogriff -> spiny frog
  9879 | Lair:1   | Got a faintly humming leather armour
  9890 | Lair:1   | Identified the +0 leather armour of Luhoipn {+Fly} (You
                  | found it on level 1 of the Lair of Beasts)
  9933 | Lair:1   | XOM: god gift: wand of iceblast (11)
  9935 | Lair:1   | Found a large runed translucent door.
  9935 | Lair:1   | XOM: 7-stop teleportation journey
  9996 | Lair:1   | Noticed an oklob plant
  9997 | Lair:1   | Noticed an oklob plant
  9997 | Lair:1   | Noticed an oklob plant
  9999 | Lair:1   | Noticed an oklob plant
 10070 | Lair:1   | Reached XP level 12. HP: 58/69 MP: 18/18
 10077 | Lair:1   | XOM: give mutations
 10077 | Lair:1   | Gained mutation: You are partially covered in thin metallic
                  | scales. (AC +2) [Xom's grace]
 10077 | Lair:1   | Gained mutation: Your mind is acute. (Int +2) [Xom's grace]
 10077 | Lair:1   | Gained mutation: You have sharp toenails. [Xom's grace]
 10077 | Lair:1   | Gained mutation: You have a pair of horns on your head.
                  | [Xom's grace]
 10147 | Lair:1   | XOM: god gift: 14 arrows
 10213 | Lair:1   | Found a large runed translucent door.
 10214 | Lair:1   | Noticed Yakui's ghost (journeyman GrFi)
 10255 | Lair:1   | XOM: give mutations
 10255 | Lair:1   | Gained mutation: Your spells are harder to cast, but more
                  | powerful. [Xom's grace]
 10255 | Lair:1   | Gained mutation: Your spells are much harder to cast, but
                  | much more powerful. [Xom's grace]
 10255 | Lair:1   | Lost mutation: You are frail. (-10% HP) [Xom's grace]
 10270 | Lair:1   | Reached skill level 10 in Fighting
 10274 | Lair:1   | Learned a level 2 spell: Poisonous Vapours
 10388 | Lair:1   | XOM: scenery: create altars
 10489 | Lair:2   | XOM: cast spell 'Statue Form'
 10493 | Lair:2   | XOM: fake destruction
 10497 | Lair:2   | Reached skill level 1 in Spellcasting
 10497 | Lair:2   | Reached skill level 1 in Air Magic
 10497 | Lair:2   | Reached skill level 1 in Poison Magic
 10509 | Lair:2   | Noticed Harold
 10518 | Lair:2   | Noticed a four-headed hydra
 10522 | Lair:2   | XOM: cleaving
 10523 | Lair:2   | XOM: cast spell 'Leda's Liquefaction'
 10529 | Lair:2   | Killed Harold
 10534 | Lair:2   | Killed a four-headed hydra
 10534 | Lair:2   | XOM: divine lightning
 10549 | Lair:2   | Found a gate leading to a gauntlet.
 10558 | Lair:2   | XOM: fake destruction
 10563 | Lair:2   | XOM: polymorph wolf -> ooze
 10575 | Gauntlet | Entered a Gauntlet
 10575 | Gauntlet | Found a large runed translucent door.
 10575 | Gauntlet | Found a large runed translucent door.
 10575 | Gauntlet | Found a large runed translucent door.
 10575 | Gauntlet | Found a large runed translucent door.
 10575 | Gauntlet | Found a large runed translucent door.
 10575 | Gauntlet | Found a large runed translucent door.
 10575 | Gauntlet | Found a large runed translucent door.
 10575 | Gauntlet | Found a large runed translucent door.
 10575 | Gauntlet | Found a runed translucent door.
 10575 | Gauntlet | Found a runed translucent gate.
 10575 | Gauntlet | Found a transporter.
 10575 | Gauntlet | Found a transporter.
 10575 | Gauntlet | Found a runed translucent gate.
 10575 | Gauntlet | Found a transporter.
 10575 | Gauntlet | Noticed a green death
 10582 | Gauntlet | Found a transporter.
 10583 | Gauntlet | Found a transporter.
 10586 | Gauntlet | Found a runed translucent gate.
 10586 | Gauntlet | Found a runed translucent door.
 10587 | Gauntlet | Found a large runed translucent door.
 10587 | Gauntlet | Found a large runed translucent door.
 10591 | Gauntlet | Noticed a green death
 10592 | Gauntlet | Found a transporter.
 10593 | Gauntlet | Noticed a wizard
 10624 | Gauntlet | Found a large runed translucent door.
 10624 | Gauntlet | Found a large runed translucent door.
 10627 | Gauntlet | Found a large runed translucent door.
 10627 | Gauntlet | Found a large runed translucent door.
 10628 | Gauntlet | Found a large runed translucent door.
 10629 | Gauntlet | Found a large runed translucent door.
 10673 | Gauntlet | Found a transporter.
 10683 | Gauntlet | Found a transporter.
 10695 | Gauntlet | XOM: cloud trail
 10699 | Gauntlet | Found a transporter.
 10711 | Gauntlet | Found a transporter.
 10713 | Gauntlet | Noticed a death ooze
 10724 | Gauntlet | Found a transporter.
 10730 | Gauntlet | Found a transporter.
 10862 | Gauntlet | XOM: smoke on damage
 10864 | Gauntlet | XOM: polymorph orange demon -> rust devil
 10871 | Gauntlet | Killed a green death
 10893 | Gauntlet | Got a twisted hat
 10898 | Gauntlet | XOM: enchant monster (good)
 10900 | Gauntlet | XOM: polymorph rust devil -> ice devil
 10913 | Gauntlet | Mangled by an orange demon

Skill      XL: |  1  2  3  4  5  6  7  8  9 10 11 12 |
---------------+-------------------------------------+-----
Armour         | 1 |  1.9
Fighting       | 4 5 6 7 8 9 10 | 10.1
Dodging        | 3 4 5 6 7 9 10 | 10.5
Short Blades   | 5 6 7 9 10 11 | 11.7
Stealth        | 1 2 4 6 8 9 11 | 11.4
Evocations     | 1 4 6 8 |  8.4
Spellcasting   | 3 |  3.1
Air Magic      | 3 |  3.0
Poison Magic   | 3 |  3.0

Action                   |  1- 3 |  4- 6 |  7- 9 | 10-12 || total
-------------------------+-------+-------+-------+-------++-------
Melee: Short sword       |    50 |   198 |   554 |   654 ||  1456
       Unarmed           |       |       |    15 |       ||    15
       Headbutt          |       |       |       |    68 ||    68
       Kick              |       |       |       |    11 ||    11
 Fire: Blowgun           |       |       |       |     4 ||     4
Throw: Throwing net      |       |       |       |     1 ||     1
 Cast: Poisonous Vapours |       |       |       |     7 ||     7
 Abil: Evoke Invisibilit |       |       |       |     1 ||     1
Evoke: Wand              |       |       |     8 |    12 ||    20
       Fan of gales      |       |       |       |     2 ||     2
  Use: Scroll            |       |     9 |     5 |    10 ||    24
       Potion            |       |       |     9 |    11 ||    20
 Stab: Petrifying        |     1 |       |     1 |       ||     2
       Sleeping          |       |     6 |    10 |    12 ||    28
       Invisible         |       |       |     9 |       ||     9
       Distracted        |       |       |     1 |     2 ||     3
       Confused          |       |       |       |     1 ||     1
       Held in net/web   |       |       |       |     1 ||     1
  Eat: Chunk             |     5 |    12 |     9 |    16 ||    42
Armor: Leather armour    |    14 |    23 |    66 |    52 ||   155
       Skin              |       |       |    47 |    42 ||    89
Dodge: Dodged            |    43 |   145 |   388 |   472 ||  1048
       Deflected         |       |       |     6 |     2 ||     8
